TOP OF THE 1ST |
York Revolution batting - Pitching for Detroit Red Wings : RHP David Kalinsky
|
Pitching: RHP David Kalinsky
|
|
Batting: LHB Mike Hawk
|
0-0: Ball 1-0: Called Strike 1-1: Foul Ball, location: 2F 1-2: Foul Ball, location: 2F 1-2: Foul Ball, location: 2F 1-2: Foul Ball, location: 2F 1-2: Foul Ball, location: 2F 1-2: Ball 2-2: Foul Ball, location: 2F 2-2: Strikes out swinging
|
Batting: RHB Teh-huai Jiang
|
0-0: Swinging Strike 0-1: Called Strike 0-2: Foul Ball, location: 2F 0-2: Ball 1-2: Foul Ball, location: 2F 1-2: Foul Ball, location: 2F 1-2: Foul Ball, location: 2F 1-2: Foul Ball, location: 2F 1-2: Ball 2-2: Foul Ball, location: 2F 2-2: Ball 3-2: Fly out, F8 (Flyball, 8LXD, EV 103.8 MPH)
|
Batting: RHB Eddie Serna
|
0-0: DOUBLE (Line Drive, 78XD, EV 100.6 MPH)
|
Batting: LHB Jean-Claude Vanbiesbrouck
|
0-0: Swinging Strike 0-1: Ball 1-1: Foul Ball, location: 2F 1-2: Ball 2-2: Fly out, F9 (Flyball, 9, EV 91.9 MPH)
|
Top of the 1st over - 0 runs, 1 hit, 0 errors, 1 left on base; York 0 - Detroit 0 |
BOTTOM OF THE 1ST |
Detroit Red Wings batting - Pitching for York Revolution : RHP Jordan Lopez
|
Pitching: RHP Jordan Lopez
|
|
Batting: RHB António Scarlett
|
0-0: Foul Ball, location: 2F 0-1: Ball 1-1: Ball 2-1: Ball 3-1: Foul Ball, location: 2F 3-2: SINGLE (Line Drive, 56, EV 99.4 MPH)
|
Batting: LHB Duda Pinho
|
0-0: Foul Ball, location: 2F 0-1: Called Strike 0-2: Ball 1-2: Foul Ball, location: 2F 1-2: Ball 2-2: Ball 3-2: Strikes out looking António Scarlett is caught stealing 2nd base 2-6 Batter strikes out.
|
Batting: RHB Jorge Lebron
|
0-0: Ball 1-0: Ball 2-0: Called Strike 2-1: Ground out U3 (Groundball, 3S, EV 70.6 MPH)
|
Bottom of the 1st over - 0 runs, 1 hit, 0 errors, 0 left on base; York 0 - Detroit 0 |
TOP OF THE 2ND |
York Revolution batting - Pitching for Detroit Red Wings : RHP David Kalinsky
|
Batting: RHB Dan Shaffer
|
0-0: Called Strike 0-1: Ball 1-1: Ball 2-1: Ball 3-1: Foul Ball, location: 2F 3-2: Base on Balls
|
Batting: LHB Jason Duda
|
0-0: Swinging Strike 0-1: Foul Ball, location: 2F 0-2: Ball 1-2: Foul Ball, location: 2F 1-2: Foul Ball, location: 2F 1-2: 2-RUN HOME RUN (Flyball, 7D, EV 105.6 MPH), Distance : 392 ft
|
Batting: LHB Quincy Smart
|
0-0: Ball 1-0: Swinging Strike 1-1: Swinging Strike 1-2: Ball 2-2: Ball 3-2: DOUBLE (Line Drive, 3D, EV 95.6 MPH)
|
Batting: LHB Bryant Dill
|
0-0: Foul Ball, location: 2F 0-1: Foul Ball, location: 2F 0-2: Strikes out swinging
|
Batting: LHB Dennis French
|
0-0: Ball 1-0: Called Strike 1-1: Ball 2-1: Foul Ball, location: 2F 2-2: Ball 3-2: Reached on error, E5 (Groundball, 6, EV 90.6 MPH) Quincy Smart scores
|
Batting: LHB Mike Hawk
|
0-0: 2-RUN HOME RUN (Flyball, 89XD, EV 111.9 MPH), Distance : 454 ft
|
Batting: RHB Teh-huai Jiang
|
0-0: Called Strike 0-1: Called Strike 0-2: Ball 1-2: Ball 2-2: SOLO HOME RUN (Line Drive, 7D, EV 102.5 MPH), Distance : 396 ft
|
Batting: RHB Eddie Serna
|
0-0: Foul Ball, location: 2F 0-1: Swinging Strike 0-2: Ball 1-2: Ball 2-2: Ground out 5-3 (Groundball, 5S, EV 84.4 MPH)
|
Batting: LHB Jean-Claude Vanbiesbrouck
|
0-0: Ball 1-0: Foul Ball, location: 2F 1-1: Hit by Pitch
|
Batting: RHB Dan Shaffer
|
0-0: Ball 1-0: DOUBLE (Groundball, 5L, EV 103.8 MPH) Jean-Claude Vanbiesbrouck to third Runner from 3rd tries for Home, SAFE, throw by LF to home
|
Pitching: RHP Edwin Torres
|
|
Batting: LHB Jason Duda
|
0-0: Called Strike 0-1: Foul Ball, location: 2F 0-2: Ball 1-2: Foul Ball, location: 2F 1-2: Foul Ball, location: 2F 1-2: Hit by Pitch
|
Batting: LHB Quincy Smart
|
0-0: Called Strike 0-1: Ball 1-1: SINGLE (Groundball, 4D, EV 100.6 MPH) Dan Shaffer to third Jason Duda to second
|
Batting: LHB Bryant Dill
|
0-0: Foul Ball, location: 2F 0-1: Ball 1-1: Foul Ball, location: 2F 1-2: Ground out U3 (Groundball, 34, EV 104.4 MPH)
|
Top of the 2nd over - 7 runs, 6 hits, 1 error, 3 left on base; York 7 - Detroit 0 |
BOTTOM OF THE 2ND |
Detroit Red Wings batting - Pitching for York Revolution : RHP Jordan Lopez
|
Batting: RHB Victor Acuna
|
0-0: Called Strike 0-1: Ball 1-1: Fly out, F7 (Flyball, 8LS, EV 90.0 MPH)
|
Batting: RHB Alex Duarte
|
0-0: SINGLE (Flyball, 8LS, EV 93.1 MPH)
|
Batting: RHB Dustin Bursell
|
0-0: Ball 1-0: Foul Ball, location: 2F 1-1: SINGLE (Flyball, 9S, EV 92.5 MPH) Alex Duarte to second Throwing error, E9 Alex Duarte scores Dustin Bursell to second
|
Batting: LHB Simon Barry
|
0-0: Foul Ball, location: 2F 0-1: Ball 1-1: Ball 2-1: Ball 3-1: Foul Ball, location: 2F 3-2: Foul Ball, location: 2F 3-2: Foul Ball, location: 2F 3-2: SINGLE (Line Drive, 4D, EV 99.4 MPH) Dustin Bursell to third
|
Batting: RHB Carlos Avila
|
0-0: Called Strike 0-1: Foul Ball, location: 2F 0-2: Ball 1-2: Fly out, F7 (Flyball, 7, EV 71.9 MPH) Runner from 3rd tags up, SCORES, throw by LF
|
Batting: SHB Roderick Speed
|
0-0: Foul Ball, location: 2F 0-1: Ball 1-1: Foul Ball, location: 2F 1-2: Foul Ball, location: 2F 1-2: Strikes out looking
|
Bottom of the 2nd over - 2 runs, 3 hits, 1 error, 1 left on base; York 7 - Detroit 2 |
TOP OF THE 3RD |
York Revolution batting - Pitching for Detroit Red Wings : RHP Edwin Torres
|
Batting: LHB Dennis French
|
0-0: Called Strike 0-1: Ball 1-1: Fly out, F9 (Flyball, 89M, EV 86.9 MPH)
|
Batting: LHB Mike Hawk
|
0-0: Called Strike 0-1: Ball 1-1: Foul Ball, location: 2F 1-2: Strikes out swinging
|
Batting: RHB Teh-huai Jiang
|
0-0: Ball 1-0: Ball 2-0: Ball 3-0: Called Strike 3-1: Base on Balls
|
Batting: RHB Eddie Serna
|
0-0: Foul Ball, location: 2F 0-1: Ball 1-1: Swinging Strike 1-2: SINGLE (Line Drive, 9S, EV 99.4 MPH) Teh-huai Jiang to second Runner from 2nd tries for 3rd, OUT! 9-5
|
Top of the 3rd over - 0 runs, 1 hit, 0 errors, 1 left on base; York 7 - Detroit 2 |
BOTTOM OF THE 3RD |
Detroit Red Wings batting - Pitching for York Revolution : RHP Jordan Lopez
|
Batting: RHB António Scarlett
|
0-0: Ball 1-0: Ball 2-0: Ball 3-0: Called Strike 3-1: Base on Balls
|
Batting: LHB Duda Pinho
|
0-0: Fly out, F7 (Line Drive, 7, EV 93.1 MPH)
|
Batting: RHB Jorge Lebron
|
0-0: Swinging Strike 0-1: Ball 1-1: Foul Ball, location: 2F 1-2: Ball 2-2: SINGLE (Line Drive, 89M, EV 92.5 MPH) António Scarlett to second Runner from 2nd tries for 3rd, SAFE, throw by RF made to third
|
Batting: RHB Victor Acuna
|
Pickoff Throw to First - Out! 1-3 0-0: Called Strike 0-1: Foul Ball, location: 2F 0-2: Strikes out swinging
|
Bottom of the 3rd over - 0 runs, 1 hit, 0 errors, 1 left on base; York 7 - Detroit 2 |
TOP OF THE 4TH |
York Revolution batting - Pitching for Detroit Red Wings : RHP Edwin Torres
|
Batting: LHB Jean-Claude Vanbiesbrouck
|
0-0: Fly out, F7 (Flyball, 7, EV 84.4 MPH)
|
Batting: RHB Dan Shaffer
|
0-0: Ball 1-0: Called Strike 1-1: Foul Ball, location: 2F 1-2: Ball 2-2: Fly out, F7 (Flyball, 7, EV 83.8 MPH)
|
Batting: LHB Jason Duda
|
0-0: Called Strike 0-1: Ball 1-1: Ball 2-1: Foul Ball, location: 2F 2-2: Foul Ball, location: 2F 2-2: Ball 3-2: Ground out 4-3 (Groundball, 4S, EV 63.8 MPH)
|
Top of the 4th over - 0 runs, 0 hits, 0 errors, 0 left on base; York 7 - Detroit 2 |
BOTTOM OF THE 4TH |
Detroit Red Wings batting - Pitching for York Revolution : RHP Jordan Lopez
|
Batting: RHB Alex Duarte
|
0-0: Ball 1-0: Ground out 6-3 (Groundball, 6, EV 86.2 MPH)
|
Batting: RHB Dustin Bursell
|
0-0: Called Strike 0-1: Ball 1-1: SINGLE (Groundball, 56S, EV 69.4 MPH) (infield hit)
|
Batting: LHB Simon Barry
|
0-0: Called Strike 0-1: Called Strike 0-2: Ball 1-2: Ball 2-2: Foul Ball, location: 2F 2-2: Fly out, F6 (Popup, 4MS, EV 76.2 MPH)
|
Batting: RHB Carlos Avila
|
0-0: Foul Ball, location: 2F 0-1: Fly out, F8 (Line Drive, 89D, EV 104.4 MPH)
|
Bottom of the 4th over - 0 runs, 1 hit, 0 errors, 1 left on base; York 7 - Detroit 2 |
TOP OF THE 5TH |
York Revolution batting - Pitching for Detroit Red Wings : RHP Edwin Torres
|
Batting: LHB Quincy Smart
|
0-0: Ball 1-0: Foul Ball, location: 2F 1-1: Swinging Strike 1-2: Strikes out swinging
|
Batting: LHB Bryant Dill
|
0-0: Called Strike 0-1: Ball 1-1: Ball 2-1: Foul Ball, location: 2F 2-2: SINGLE (Groundball, 34D, EV 105.6 MPH)
|
Batting: LHB Dennis French
|
0-0: Called Strike 0-1: Ball 1-1: Swinging Strike 1-2: Strikes out looking
|
Pitching: RHP Moos Jansen
|
|
Batting: LHB Mike Hawk
|
0-0: Called Strike 0-1: Fielders Choice at 2nd, U6 (Groundball, 6M, EV 88.8 MPH)
|
Top of the 5th over - 0 runs, 1 hit, 0 errors, 1 left on base; York 7 - Detroit 2 |
BOTTOM OF THE 5TH |
Detroit Red Wings batting - Pitching for York Revolution : RHP Jordan Lopez
|
Batting: SHB Roderick Speed
|
0-0: Ball 1-0: Ball 2-0: SOLO HOME RUN (Flyball, 89XD, EV 112.5 MPH), Distance : 426 ft
|
Batting: RHB António Scarlett
|
0-0: Called Strike 0-1: Ball 1-1: Swinging Strike 1-2: Foul Ball, location: 2F 1-2: DOUBLE (Line Drive, 9LS, EV 96.2 MPH)
|
Batting: LHB Duda Pinho
|
0-0: Swinging Strike 0-1: Ball 1-1: Fly out, F9 (Line Drive, 9S, EV 95.0 MPH)
|
Batting: RHB Jorge Lebron
|
0-0: Foul Ball, location: 2F 0-1: Swinging Strike 0-2: Foul Ball, location: 2F 0-2: Foul Ball, location: 2F 0-2: Foul Ball, location: 2F 0-2: Ground out 5-3 (Groundball, 5, EV 93.1 MPH)
|
Pitching: LHP Josh Schmidt
|
|
Batting: RHB Victor Acuna
|
0-0: Ball 1-0: SINGLE (Groundball, 23, EV 68.1 MPH) (infield hit) António Scarlett to third
|
Batting: RHB Alex Duarte
|
0-0: Ball 1-0: Fielders Choice at 2nd, 6-4 (Groundball, 6, EV 106.9 MPH)
|
Bottom of the 5th over - 1 run, 3 hits, 0 errors, 2 left on base; York 7 - Detroit 3 |
TOP OF THE 6TH |
York Revolution batting - Pitching for Detroit Red Wings : RHP Moos Jansen
|
Batting: RHB Teh-huai Jiang
|
0-0: Ball 1-0: Ball 2-0: Called Strike 2-1: Foul Ball, location: 2F 2-2: SOLO HOME RUN (Flyball, 7D, EV 95.6 MPH), Distance : 383 ft
|
Batting: RHB Eddie Serna
|
0-0: Ball 1-0: Ball 2-0: Called Strike 2-1: Foul Ball, location: 2F 2-2: Foul Ball, location: 2F 2-2: SINGLE (Line Drive, 7LS, EV 91.9 MPH)
|
Batting: LHB Jean-Claude Vanbiesbrouck
|
0-0: Foul Ball, location: 2F 0-1: Called Strike 0-2: Foul Ball, location: 2F 0-2: Foul Ball, location: 2F 0-2: Ball 1-2: Ball 2-2: Ball 3-2: Fly out, F7 (Flyball, 7, EV 93.1 MPH)
|
Batting: RHB Dan Shaffer
|
0-0: Ball Eddie Serna steals 2nd base 1-0: Fly out, F8 (Flyball, 89M, EV 90.0 MPH)
|
Batting: LHB Jason Duda
|
0-0: Foul Ball, location: 2F 0-1: Swinging Strike 0-2: Ball 1-2: Strikes out swinging
|
Top of the 6th over - 1 run, 2 hits, 0 errors, 1 left on base; York 8 - Detroit 3 |
BOTTOM OF THE 6TH |
Detroit Red Wings batting - Pitching for York Revolution : LHP Josh Schmidt
|
Batting: RHB Dustin Bursell
|
0-0: Foul Ball, location: 2F 0-1: Called Strike 0-2: Strikes out swinging
|
Batting: LHB Simon Barry
|
0-0: Called Strike 0-1: Ball 1-1: Called Strike 1-2: Strikes out swinging
|
Batting: RHB Carlos Avila
|
0-0: Ball 1-0: Fly out, F9 (Flyball, 89D, EV 85.6 MPH)
|
Bottom of the 6th over - 0 runs, 0 hits, 0 errors, 0 left on base; York 8 - Detroit 3 |
TOP OF THE 7TH |
York Revolution batting - Pitching for Detroit Red Wings : RHP Moos Jansen
|
Batting: LHB Quincy Smart
|
0-0: Called Strike 0-1: Ball 1-1: Ball 2-1: Called Strike 2-2: Ground out 3-1 (Groundball, 34, EV 82.5 MPH)
|
Batting: LHB Bryant Dill
|
0-0: Ball 1-0: Fly out, F7 (Flyball, 78D, EV 106.2 MPH)
|
Batting: LHB Dennis French
|
0-0: Ball 1-0: Foul Ball, location: 2F 1-1: Ball 2-1: Called Strike 2-2: Ball 3-2: Foul Ball, location: 2F 3-2: Foul Ball, location: 2F 3-2: Fly out, F8 (Flyball, 8LS, EV 92.5 MPH)
|
Top of the 7th over - 0 runs, 0 hits, 0 errors, 0 left on base; York 8 - Detroit 3 |
BOTTOM OF THE 7TH |
Detroit Red Wings batting - Pitching for York Revolution : LHP Josh Schmidt
|
Batting: SHB Roderick Speed
|
0-0: SINGLE (Line Drive, 6D, EV 93.8 MPH)
|
Batting: RHB António Scarlett
|
0-0: Swinging Strike 0-1: Foul Ball, location: 2F 0-2: Ball 1-2: Ball 2-2: Foul Ball, location: 2F 2-2: Ball 3-2: Foul Ball, location: 2F 3-2: Foul Ball, location: 2F 3-2: DOUBLE (Line Drive, 9LM, EV 100.6 MPH) Roderick Speed to third
|
Batting: LHB Duda Pinho
|
0-0: Swinging Strike 0-1: Foul Ball, location: 2F 0-2: Ball 1-2: SINGLE (Line Drive, 8LS, EV 107.5 MPH) Roderick Speed scores António Scarlett to third
|
Batting: RHB Jorge Lebron
|
0-0: Ball 1-0: Ball 2-0: Ball 3-0: Called Strike 3-1: SINGLE (Line Drive, 5L, EV 106.9 MPH) António Scarlett scores Duda Pinho to second
|
Batting: RHB Victor Acuna
|
0-0: Called Strike 0-1: Called Strike 0-2: Strikes out looking
|
Batting: RHB Alex Duarte
|
0-0: Ball 1-0: Ball 2-0: Foul Ball, location: 2F 2-1: SINGLE (Groundball, 25, EV 65.6 MPH) (infield hit) Duda Pinho to third Jorge Lebron to second
|
Pinch Hitting: LHB Ryan Adams
|
0-0: Ball Wild Pitch! Duda Pinho scores Jorge Lebron to third Alex Duarte to second 1-0: Ball 2-0: Ball 3-0: Called Strike 3-1: Foul Ball, location: 2F 3-2: Foul Ball, location: 2F 3-2: DOUBLE (Line Drive, 9LM, EV 96.2 MPH) Jorge Lebron scores Alex Duarte scores
|
Pitching: RHP Danny Dean
|
|
Pinch Hitting: RHB John Barton
|
0-0: Ball 1-0: Called Strike 1-1: Foul Ball, location: 2F 1-2: Strikes out looking
|
Pinch Hitting: RHB Cody Kafer
|
0-0: Swinging Strike 0-1: Called Strike 0-2: Strikes out swinging, 2-3 out at first.
|
Bottom of the 7th over - 5 runs, 6 hits, 0 errors, 1 left on base; York 8 - Detroit 8 |
TOP OF THE 8TH |
York Revolution batting - Pitching for Detroit Red Wings : RHP Moos Jansen
|
Now at 1B: Franklin Garza
|
|
Now at 2B: Ryan Adams
|
|
Now in LF: John Barton
|
|
Now in RF: Duda Pinho
|
|
Pinch Hitting: SHB Sam Fredrick
|
0-0: Foul Ball, location: 2F 0-1: Foul Ball, location: 2F 0-2: Ball 1-2: Ball 2-2: Ball 3-2: Base on Balls
|
Pitching: RHP Neel Verhelst
|
|
Batting: LHB Ryan Young
|
0-0: Bunt missed! 0-1: Ball 1-1: Bunted foul 1-2: Strikes out swinging
|
Batting: RHB Eddie Serna
|
0-0: Called Strike 0-1: Fly out, F8 (Flyball, 8RXD, EV 93.1 MPH)
|
Batting: LHB Jean-Claude Vanbiesbrouck
|
0-0: Called Strike 0-1: Foul Ball, location: 2F 0-2: Strikes out swinging, 2-3 out at first.
|
Top of the 8th over - 0 runs, 0 hits, 0 errors, 1 left on base; York 8 - Detroit 8 |
BOTTOM OF THE 8TH |
Detroit Red Wings batting - Pitching for York Revolution : RHP Danny Dean
|
Now in CF: Frank Ramirez
|
|
Batting: SHB Roderick Speed
|
0-0: Called Strike 0-1: Foul Ball, location: 2F 0-2: Strikes out swinging
|
Batting: RHB António Scarlett
|
0-0: Ground out 6-3 (Groundball, 6, EV 96.2 MPH)
|
Batting: LHB Duda Pinho
|
0-0: SINGLE (Groundball, 4S, EV 95.0 MPH)
|
Batting: RHB Jorge Lebron
|
0-0: Called Strike Duda Pinho steals 2nd base 0-1: Foul Ball, location: 2F 0-2: Strikes out swinging
|
Bottom of the 8th over - 0 runs, 1 hit, 0 errors, 1 left on base; York 8 - Detroit 8 |
TOP OF THE 9TH |
York Revolution batting - Pitching for Detroit Red Wings : RHP Neel Verhelst
|
Pinch Hitting: LHB Jessie Whedbee
|
0-0: Ball 1-0: Ball 2-0: Ball 3-0: Base on Balls
|
Batting: LHB Jason Duda
|
0-0: Ball 1-0: Foul Ball, location: 2F 1-1: Fly out, F4 (Line Drive, 4, EV 70.6 MPH)
|
Batting: LHB Quincy Smart
|
0-0: Ball 1-0: Swinging Strike 1-1: Swinging Strike 1-2: Strikes out looking
|
Batting: LHB Bryant Dill
|
0-0: Ball 1-0: Foul Ball, location: 2F 1-1: Foul Ball, location: 2F 1-2: Foul Ball, location: 2F 1-2: Fly out, F8 (Flyball, 8LS, EV 76.9 MPH)
|
Top of the 9th over - 0 runs, 0 hits, 0 errors, 1 left on base; York 8 - Detroit 8 |
BOTTOM OF THE 9TH |
Detroit Red Wings batting - Pitching for York Revolution : RHP Danny Dean
|
Now in LF: Dennis French
|
|
Now in RF: Dan Doggett
|
|
Pinch Hitting: LHB Iestyn Peacock
|
0-0: Ball 1-0: Ball 2-0: Ball 3-0: Base on Balls
|
Batting: RHB Alex Duarte
|
0-0: Called Strike 0-1: Ball 1-1: Ball 2-1: SINGLE (Line Drive, 8RS, EV 98.1 MPH) Iestyn Peacock to second
|
Batting: LHB Ryan Adams
|
0-0: Grounds into double play, 6-4-3 (Groundball, 6S, EV 85.0 MPH) Iestyn Peacock to third
|
Batting: RHB John Barton
|
0-0: Intentional Walk
|
Pinch Hitting: SHB Isaiah Bias
|
0-0: Foul Ball, location: 2F 0-1: Ball 1-1: SINGLE (Line Drive, 9S, EV 89.4 MPH) Iestyn Peacock scores
|
Bottom of the 9th over - 1 run, 2 hits, 0 errors, 1 left on base; York 8 - Detroit 9 |
|